Map: [ESL] Royal Blood

Players

MaNa

  • Race: Protoss Protoss
  • Spawn Location: 7:00

MaxPax - Winner!

  • Race: Protoss Protoss
  • Spawn Location: 1:00

Event: ESL SC2 Masters 2023 Summer (Regionals)

VOD

Have the link to the VOD?

Description

Time

  • Played on: May 14, 2023, 10:01 a.m.
  • Length: 12:02

All games in this series

Show
View Real Time Build Order
Export as new Build Order

MaNa Protoss 

Build Orders: Blink Stalkers 

Get SALT Encoding   

  12  0:00  Probe  
  13  0:12  Probe  
  14  0:16  Pylon  
  14  0:24  Probe (Chrono Boost)  
  15  0:36  Probe (Chrono Boost)  
  15  0:37  Gateway  
  16  0:44  Probe (Chrono Boost)  
  16  0:46  Assimilator  
  17  0:51  Probe  
  18  1:03  Probe (Chrono Boost)  
  19  1:04  Assimilator  
  20  1:12  Probe (Chrono Boost)  
  20  1:15  Gateway  
  20  1:17  Probe (Chrono Boost)  
  20  1:24  Cybernetics Core  
  21  1:29  Probe  
  22  1:38  Pylon  
  22  1:41  Probe  
  23  1:55  Pylon  
  23  1:56  Probe  
  23  1:59  Warp Gate (Chrono Boost)  
  24  2:03  Stalker  
  24  2:08  Stalker  
  28  2:14  Pylon  
  28  2:18  Probe  
  29  2:25  Pylon  
  29  2:30  Probe  
  29  2:42  Probe  
  30  2:53  Twilight Council  
  30  2:54  Probe  
  31  3:06  Probe  
  31  3:12  Nexus  
  32  3:18  Probe  
  33  3:20  Pylon  
  33  3:28  Blink (Chrono Boost)  
  33  3:30  Probe  
  34  3:40  Sentry  
  34  3:41  Stalker  
  38  3:46  Probe  
  37  3:58  Probe  
  37  4:02  Phoenix  
  38  4:04  Stalker x2  
  42  4:10  Probe  
  42  4:16  Shield Battery  
  43  4:22  Probe (Chrono Boost)  
  43  4:25  Probe (Chrono Boost)  
  45  4:33  Probe (Chrono Boost)  
  45  4:34  Probe (Chrono Boost)  
  45  4:37  Probe (Chrono Boost)  
  46  4:38  Gateway  
  46  4:39  Probe (Chrono Boost)  
  46  4:43  Gateway  
  48  4:48  Probe  
  48  4:51  Probe  
  50  4:55  Robotics Facility  
  50  5:00  Probe  
  50  5:03  Probe  
  52  5:07  Stalker x2  
  52  5:12  Probe  
  52  5:13  Shield Battery  
  57  5:15  Probe  
  56  5:24  Probe  
  56  5:27  Probe  
  58  5:30  Pylon  
  58  5:32  Stalker x2  
  62  5:49  Adept x2, Observer  
  69  5:50  Pylon  
  69  5:56  Stalker  
  69  6:02  Nexus  
  67  6:06  Stalker  
  67  6:12  Stalker x2  
  69  6:21  Stalker  
  69  6:22  Probe  
  64  6:31  Stalker  
  64  6:36  Stalker x2  
  64  6:38  Probe  
  64  6:39  Shield Battery  
  69  6:41  Probe  
  70  6:51  Stalker  
  71  6:56  Probe  
  71  6:58  Forge, Stalker x2  
  71  7:00  Stalker  
  78  7:14  Pylon  
  78  7:15  Probe x3  
  81  7:16  Pylon, Stalker  
  83  7:29  Stalker x3  
  85  7:32  Protoss Ground Weapons Level 1 (Chrono Boost)  
  81  7:37  Probe x2  
  81  7:40  Probe  
  84  7:44  Photon Cannon  
  84  7:49  Probe  
  84  7:51  Observer (Chrono Boost)  
  86  7:54  Assimilator  
  86  7:57  Probe x2, Assimilator  
  88  8:00  Gateway  
  88  8:04  Gateway  
  88  8:05  Gateway  
  87  8:20  Stalker x3  
  87  8:21  Gateway  
  87  8:23  Stalker  
  87  8:25  Probe x2  
  87  8:26  Probe  
  96  8:28  Photon Cannon  
  96  8:31  Photon Cannon  
  96  8:39  Observer  
  97  8:41  Shield Battery  
  97  8:43  Nexus  
  97  8:45  Stalker  
  99  8:48  Stalker  
  99  8:55  Probe x3  
  104  8:59  Pylon  
  104  9:00  Pylon  
  102  9:04  Stalker x2  
  106  9:12  Stalker x2  
  105  9:21  Stalker x3  
  110  9:24  Stalker  
  110  9:26  Probe  
  109  9:32  Zealot x2  
  109  9:35  Probe  
  109  9:36  Stalker  
  109  9:37  Probe  
  111  9:42  Stalker  
  105  9:46  Zealot x3  
  105  9:47  Probe  
  105  9:51  Protoss Ground Weapons Level 2 (Chrono Boost)  
  105  9:52  Stalker  
  114  9:53  Probe  
  114  9:54  Probe  
  114  9:59  Observer  
  117  10:01  Photon Cannon  
  117  10:12  Stalker x3  
  111  10:16  Zealot x2  
  100  10:32  Zealot x3  
  100  10:33  Probe  
  85  10:36  Probe x2  
  84  10:42  Zealot  
  84  10:43  Zealot x2  
  84  10:44  Probe (Chrono Boost)  
  84  10:45  Probe (Chrono Boost)  
  84  10:48  Probe (Chrono Boost), Stalker x2  
  97  10:51  Probe (Chrono Boost)  
  97  10:56  Probe (Chrono Boost)  
  100  10:58  Probe (Chrono Boost)  
  100  11:01  Probe x2 (Chrono Boost)  
  100  11:02  Probe (Chrono Boost)  
  103  11:12  Stalker x3  
  101  11:20  Zealot  
  101  11:21  Zealot x3  
  107  11:27  Probe x2  
  107  11:29  Stalker  
  98  11:32  Probe  
  98  11:33  Probe  
  98  11:36  Zealot x3  
  96  11:46  Shield Battery  
  95  11:49  Probe x2  
  95  11:50  Stalker x2  
  99  11:57  Stalker x2  
Show
View Real Time Build Order
Export as new Build Order

MaxPax Protoss - Winner!

Build Orders: Oracle Opening 

Get SALT Encoding   

  12  0:00  Probe  
  13  0:12  Probe  
  14  0:19  Pylon  
  14  0:24  Probe  
  15  0:37  Probe (Chrono Boost), Gateway  
  16  0:46  Probe (Chrono Boost), Assimilator  
  17  0:51  Probe  
  18  1:03  Probe (Chrono Boost)  
  19  1:10  Assimilator  
  19  1:12  Pylon  
  19  1:16  Probe (Chrono Boost)  
  20  1:22  Probe (Chrono Boost)  
  20  1:24  Cybernetics Core  
  21  1:30  Probe  
  22  1:35  Zealot  
  24  1:43  Probe  
  25  1:55  Probe  
  25  2:01  Stargate  
  26  2:09  Warp Gate  
  26  2:19  Stalker  
  28  2:27  Pylon  
  28  2:28  Pylon  
  28  2:33  Probe  
  29  2:43  Oracle (Chrono Boost)  
  31  2:52  Nexus  
  31  2:56  Shield Battery  
  31  2:59  Probe  
  32  3:10  Stalker  
  32  3:11  Probe  
  35  3:23  Gateway  
  35  3:24  Probe  
  36  3:36  Probe  
  37  3:41  Twilight Council  
  37  3:48  Probe  
  39  4:04  Probe (Chrono Boost), Stalker  
  39  4:05  Probe (Chrono Boost)  
  39  4:09  Blink (Chrono Boost)  
  42  4:11  Gateway  
  42  4:14  Probe (Chrono Boost)  
  42  4:16  Probe (Chrono Boost)  
  44  4:20  Probe  
  45  4:25  Probe  
  45  4:27  Gateway  
  46  4:31  Stalker  
  46  4:32  Probe  
  46  4:37  Probe  
  50  4:38  Pylon  
  50  4:42  Stalker  
  50  4:44  Probe  
  53  4:49  Probe  
  54  4:54  Pylon  
  54  4:56  Probe  
  54  4:57  Stalker  
  57  5:03  Probe  
  58  5:08  Stalker x2  
  58  5:13  Probe  
  63  5:15  Pylon  
  63  5:23  Stalker x2  
  67  5:29  Pylon  
  67  5:35  Stalker x2  
  71  5:39  Probe x2  
  73  5:48  Robotics Facility  
  73  5:49  Assimilator  
  70  5:51  Stalker  
  72  5:58  Adept x2  
  76  6:13  Nexus  
  72  6:18  Probe  
  72  6:19  Probe  
  72  6:30  Probe  
  72  6:31  Probe  
  72  6:32  Stalker x4  
  73  6:40  Observer  
  73  6:42  Probe  
  73  6:43  Probe, Forge  
  71  6:55  Probe x2  
  71  6:59  Stalker x3  
  71  7:00  Stalker  
  81  7:04  Pylon  
  81  7:05  Pylon  
  83  7:08  Probe (Chrono Boost)  
  83  7:10  Probe (Chrono Boost), Protoss Ground Weapons Level 1 (Chrono Boost)  
  83  7:19  Probe (Chrono Boost), Shield Battery  
  83  7:22  Probe (Chrono Boost)  
  85  7:24  Probe (Chrono Boost)  
  85  7:25  Stalker  
  85  7:26  Probe  
  85  7:29  Stalker  
  89  7:33  Probe  
  89  7:35  Probe  
  88  7:38  Probe  
  88  7:41  Observer  
  90  7:45  Probe  
  90  7:47  Charge (Chrono Boost), Gateway  
  90  7:48  Probe, Gateway  
  90  7:50  Zealot  
  94  7:54  Gateway  
  94  7:55  Probe  
  94  7:57  Probe  
  96  8:02  Probe  
  96  8:03  Pylon  
  97  8:07  Stalker x3  
  97  8:08  Observer  
  103  8:15  Probe  
  103  8:16  Probe x2  
  103  8:18  Zealot  
  104  8:27  Probe, Gateway  
  104  8:28  Probe  
  104  8:30  Warp Prism (Chrono Boost)  
  108  8:40  Stalker x4  
  115  8:47  Nexus  
  115  8:54  Zealot x3  
  121  8:59  Protoss Ground Weapons Level 2 (Chrono Boost)  
  121  9:02  Pylon  
  121  9:05  Pylon  
  121  9:12  Probe  
  120  9:21  Zealot x3  
  120  9:22  Zealot x4  
  132  9:28  Probe  
  117  9:39  Probe  
  117  9:40  Warp Prism (Chrono Boost)  
  117  9:41  Probe  
  108  9:47  Stalker x6  
  108  9:48  Probe  
  119  9:54  Zealot x2  
  119  9:58  Probe  
  124  10:01  Gateway  
  124  10:03  Probe  
  125  10:10  Probe  
  114  10:17  Zealot x8  
  130  10:27  Probe  
  123  10:31  Probe  
  123  10:35  Gateway  
  116  10:38  Stalker x3  
  116  10:39  Stalker x5  
  130  10:47  Photon Cannon  
  128  10:55  Dark Shrine, Gateway  
  128  11:01  Zealot x6  
  128  11:02  Zealot x2  
  144  11:06  Pylon  
  132  11:24  Nexus  
  126  11:26  Pylon, Stalker x6  
  126  11:30  Probe  
  126  11:32  Probe  
  130  11:35  Probe  
  131  11:40  Probe  
  131  11:44  Zealot  
  131  11:45  Zealot x3  
Tags
 
Add a new tag
Caveats
  • Supply blocks, unpowered buildings, or Contaminate may cause inaccurate times.
  • Supply counts are checked every 10 seconds.